 Dungeon Sprint DCSS version 0.17-a0-1522-g6c5b4ba (webtiles) character file.

2312 ztt the Unseen (level 9, -5/39 HPs)
             Began as a Spriggan Enchanter on July 14, 2015.
             Was a Follower of Dithmenos.
             Slain by a centaur warrior (14 damage)
             ... in the Dungeon (Sprint I: "Red Sonja").
             The game lasted 00:03:00 (447 turns).

ztt the Unseen (Spriggan Enchanter)                  Turns: 447, Time: 00:03:00

Health: -5/39      AC:  3    Str:  4    XL:     9   Next: 18%
Magic:  11/22      EV: 24    Int: 19    God:    Dithmenos [*.....]
Gold:   239        SH:  0    Dex: 17    Spells: 3 memorised, 18 levels left

rFire  . . .     SeeInvis +     a - +1 dagger
rCold  . . .     Clarity  .     b - +1 robe
rNeg   . . .     SustAt   .     (shield restricted)
rPois  .         Gourm    .     (helmet restricted)
rElec  .         Spirit   .     (no cloak)
rCorr  .         Warding  .     (gloves unavailable)
rMut   .         NoTele   +     (boots unavailable)
MR     +....                    (no amulet)
Stlth  ++++++++++               n - ring of invisibility
                                l - ring of wizardry

@: wreathed by umbra, very quick, somewhat resistant to hostile enchantments,
uncannily stealthy
A: unfitting armour, see invisible, herbivore 3, speed 3, slow metabolism 2
a: Renounce Religion, Evoke Invisibility


You were in the Dungeon.
You worshipped Dithmenos.
Dithmenos was aware of your devotion.
You were not hungry.

You visited 1 branch You collected 539 gold pieces.
You spent 300 gold pieces at shops.

Inventory:

Hand weapons
 a - a +1 dagger (weapon)
Armour
 b - a +1 robe (worn)
Jewellery
 l - a ring of wizardry (left hand)
 n - a ring of invisibility (right hand)
Scrolls
 j - a scroll of blinking
 k - a scroll of remove curse {unknown}
 o - a scroll of fear {unknown}
 p - a scroll of identify {unknown}
Potions
 e - a potion of curing
 f - a potion of heal wounds
 g - a potion of haste
 h - 3 potions of magic
 i - a potion of cure mutation {unknown}
 m - 2 potions of flight {unknown}
Books
 c - a book of Maledictions

   Spells                             Type                      Level
   a - Corona                         Hexes                        1
   b - Ensorcelled Hibernation        Hexes/Ice                    2
   c - Confuse                        Hexes                        3
   d - Tukima's Dance                 Hexes                        3
   e - Dazzling Spray                 Conjuration/Hexes            3
Comestibles
 d - a bread ration


   Skills:
 * Level 7.2 Short Blades
 + Level 8.2 Dodging
 * Level 20.9 Stealth
 + Level 8.4 Spellcasting
 + Level 12.1 Hexes
 + Level 2.2 Ice Magic


You had 18 spell levels left.
You knew the following spells:

 Your Spells              Type           Power        Failure   Level  Hunger
a - Corona                Hex            ######.      1%          1    None
b - Ensorcelled Hibernat  Hex/Ice        #####.       1%          2    None
c - Confuse               Hex            ######..     1%          3    None


Dungeon Overview and Level Annotations

Branches:
Dungeon (1/1)

Altars:
Cheibriados
Dithmenos
Elyvilon
Fedhas
Gozag
Kikubaaqudgha
Makhleb
Nemelex Xobeh
Okawaru
Qazlal
Ru
Sif Muna
Trog
Vehumet
Xom
Yredelemnul
Zin
The Shining One
Jiyva

Shops:
D =[


Innate Abilities, Weirdness & Mutations

You are tiny and cannot use many weapons and most armour.
You have supernaturally acute eyesight.
You are a herbivore.
You cover ground extremely quickly.
You need consume almost no food.


Message History

Increase (S)trength, (I)ntelligence, or (D)exterity?
You feel clever.
The centaur warrior shoots an arrow.
The arrow completely misses you.
Unknown command.
Unknown command.
Casting: Ensorcelled Hibernation
Confirm with . or Enter, or press ? or * to list all spells.
Aiming: Ensorcelled Hibernation
Press: ? - help, Shift-Dir - straight line, f - centaur warrior
Aim: a centaur warrior, wielding a shortbow (chance to defeat MR: 46%)
The centaur warrior resists with some effort.
Casting: Ensorcelled Hibernation
Confirm with . or Enter, or press ? or * to list all spells.
Aiming: Ensorcelled Hibernation
Press: ? - help, Shift-Dir - straight line, f/p - centaur warrior
Aim: a centaur warrior, wielding a shortbow (umbra, chance to defeat MR: 46%)
The centaur warrior resists with some effort.
The centaur warrior unwields an uncursed shortbow.
The centaur warrior hits you!
You die...

#.))..#.)'..#__#
'..#..'..#..'(.+
#####'#####'#__#
####..#...#.####§§
#__####..##)#§§§c§#
#_..__##'#..+§§§§§+
#_.∩...'..._#§§§c§#
#_..._##_.#'##§####
#_____###'#.#(.c@###
#########.####'###.##
+...'..†..'(∩#
#.).########## ##.##
#+#


You could see a centaur warrior.

Vanquished Creatures
  A centaur warrior (D)
  Sonja (D)
  A deep troll (D)
  A slime creature (D)
  Sigmund (D)
  A yak (D)
  An ogre (D)
  Ijyb (D)
  A jelly (D)
9 creatures vanquished.

Notes
Turn   | Place    | Note
--------------------------------------------------------------
     0 | D        | ztt the Spriggan Enchanter began the quest for the Orb.
     0 | D        | Reached XP level 1. HP: 9/9 MP: 5/5
     2 | D        | Noticed Ijyb
    12 | D        | Killed Ijyb
    12 | D        | Reached skill level 8 in Stealth
    12 | D        | Reached skill level 5 in Hexes
    12 | D        | Reached XP level 2. HP: 10/13 MP: 5/7
   155 | D        | Learned a level 2 spell: Ensorcelled Hibernation
   155 | D        | Noticed an ogre
   158 | D        | Killed an ogre
   158 | D        | Reached skill level 5 in Dodging
   158 | D        | Reached skill level 10 in Stealth
   158 | D        | Reached XP level 3. HP: 16/16 MP: 3/9
   158 | D        | Reached XP level 4. HP: 21/21 MP: 3/11
   232 | D        | Noticed Sigmund
   235 | D        | Killed Sigmund
   235 | D        | Reached skill level 13 in Stealth
   235 | D        | Reached skill level 5 in Spellcasting
   235 | D        | Reached XP level 5. HP: 24/24 MP: 12/14
   235 | D        | Reached XP level 6. HP: 28/28 MP: 12/15
   240 | D        | Learned a level 3 spell: Confuse
   267 | D        | Found a snail-covered altar of Cheibriados.
   267 | D        | Found a viscous altar of Jiyva.
   267 | D        | Found a shadowy altar of Dithmenos.
   267 | D        | Found a blossoming altar of Fedhas.
   267 | D        | Noticed a slime creature
   270 | D        | Killed a slime creature
   270 | D        | Reached skill level 15 in Stealth
   270 | D        | Reached skill level 1 in Ice Magic
   278 | D        | Found a deep blue altar of Sif Muna.
   278 | D        | Noticed a jelly
   280 | D        | Found a radiant altar of Vehumet.
   285 | D        | Killed a jelly
   322 | D        | Found Vyuzxu's Jewellery Emporium.
   322 | D        | Found a white marble altar of Elyvilon.
   322 | D        | Found a stormy altar of Qazlal.
   322 | D        | Found a burning altar of Makhleb.
   322 | D        | Found a sacrificial altar of Ru.
   322 | D        | Found a basalt altar of Yredelemnul.
   322 | D        | Found a glowing golden altar of the Shining One.
   322 | D        | Found a sparkling altar of Nemelex Xobeh.
   322 | D        | Found a shimmering altar of Xom.
   322 | D        | Found an opulent altar of Gozag.
   322 | D        | Found an ancient bone altar of Kikubaaqudgha.
   322 | D        | Found a glowing silver altar of Zin.
   322 | D        | Noticed a yak
   324 | D        | Killed a yak
   324 | D        | Reached skill level 16 in Stealth
   324 | D        | Reached skill level 10 in Hexes
   324 | D        | Reached XP level 7. HP: 32/32 MP: 15/18
   325 | D        | Found an iron altar of Okawaru.
   326 | D        | Found a bloodstained altar of Trog.
   364 | D        | Became a worshipper of Dithmenos the Shadowed
   378 | D        | Bought an uncursed ring of wizardry for 300 gold pieces
   386 | D        | Noticed Sonja
   390 | D        | Killed Sonja
   390 | D        | Reached skill level 5 in Short Blades
   390 | D        | Reached skill level 18 in Stealth
   390 | D        | Reached XP level 8. HP: 36/36 MP: 20/20
   401 | D        | Noticed a deep troll
   405 | D        | Killed a deep troll
   405 | D        | Reached skill level 19 in Stealth
   415 | D        | Found Xeve's Armour Emporium.
   436 | D        | Noticed a centaur warrior
   437 | D        | Noticed a centaur warrior
   445 | D        | Killed a centaur warrior
   445 | D        | Reached skill level 20 in Stealth
   445 | D        | Reached XP level 9. HP: 8/39 MP: 14/22
   447 | D        | Slain by a centaur warrior

Vault maps used:
D:        dungeon_sprint_1

Action                   |  1- 3 |  4- 6 |  7- 9 || total
-------------------------+-------+-------+-------++-------
Melee: Dagger            |     9 |     5 |     3 ||    17
 Cast: Ensorcelled Hiber |     2 |     2 |     5 ||     9
  Use: Potion            |     1 |       |       ||     1
 Stab: Sleeping          |     2 |     4 |     3 ||     9
